 Dungeon Crawl Stone Soup version 0.19-a0-1540-g35a11b8 (webtiles) character file.

2412 MackTheKnife the Insei (level 9, -1/61 HPs)
             Began as an Octopode Transmuter on Sept 14, 2016.
             Slain by an orc warrior
             ... wielding a +2 battleaxe of chopping
              (28 damage)
             ... on level 9 of the Dungeon.
             The game lasted 00:18:08 (8963 turns).

MackTheKnife the Insei (Octopode Transmuter)        Turns: 8963, Time: 00:18:09

Health: -1/61      AC:  2    Str: 10    XL:     9   Next: 47%
Magic:  12/15      EV: 25    Int: 15    God:
Gold:   240        SH:  5    Dex: 20    Spells: 3 memorised, 8 levels left

rFire  . . .     SeeInvis .       - Unarmed
rCold  . . .     Gourm    .     (shield currently unavailable)
rNeg   + . .     Faith    .     (helmet currently unavailable)
rPois  x         Spirit   .     y - +5 amulet of reflection
rElec  .         Dismiss  .     z - ring of positive energy {rN+}
rCorr  .         Reflect  +     g - ring of stealth {Stlth+}
MR     .....     Harm     .     (no ring)
Stlth  +++.......               (no ring)
                                (no ring)
                                (no ring)
                                (no ring)
                                (no ring)

@: spider-form (expiring)
A: almost no armour, stealthy swim, (amphibious), 8 rings, (constrict 8),
(camouflage 0), (gelatinous body 0)
a: End Transformation


You were on level 9 of the Dungeon.
You were very hungry.
You were a venomous arachnid creature.
You visited 2 branches of the dungeon, and saw 10 of its levels.
You also visited: Sewer.

You collected 428 gold pieces.
You spent 188 gold pieces at shops.

Inventory:

Missiles
 v - 86 arrows
Jewellery
 g - a ring of stealth (right front leg) {Stlth+}
   (You found it on level 5 of the Dungeon)
 y - a +5 amulet of reflection (around neck)
   (You found it on level 5 of the Dungeon)
 z - a ring of positive energy (left front leg) {rN+}
   (You found it on level 5 of the Dungeon)
Wands
 k - a wand of flame (15/48)
   (You took it off a kobold on level 6 of the Dungeon)
 F - a wand of flame (10/48)
   (You found it on level 8 of the Dungeon)
Scrolls
 m - 4 scrolls of remove curse
 p - 4 scrolls of teleportation
 q - a scroll of magic mapping {!r}
 A - a scroll of fear
 B - a scroll of blinking {!r}
Potions
 a - a potion of invisibility {unknown}
 d - 2 potions of agility
 e - a potion of cure mutation {!q}
 h - a potion of might {unknown}
 j - a potion of magic {unknown}
 n - a potion of degeneration {!q}
 o - 2 potions of flight
 r - a potion of lignification {!q}
 s - a potion of berserk rage {unknown}
 t - 3 potions of cancellation
 u - 6 potions of heal wounds
 x - a potion of curing
 E - a potion of brilliance
Books
 b - a book of Changes
 D - a Young Poisoner's Handbook
   (You found it on level 7 of the Dungeon)
Comestibles
 c - 8 bread rations {@e1}
 f - 5 meat rations {@e2}
 i - a beef jerky
 C - 9 slices of pizza


   Skills:
 - Level 5.6 Fighting
 - Level 5.6 Dodging
 - Level 7.1 Unarmed Combat
 + Level 4.3 Spellcasting
 + Level 4.8 Transmutations
 + Level 2.5 Air Magic
 - Level 2.5 Poison Magic


You had 8 spell levels left.
You knew the following spells:

 Your Spells              Type           Power        Failure   Level  Hunger
c - Spider Form           Tmut/Pois      ##........   32%         3    ###....
s - Sticks to Snakes      Tmut           ###.....     14%         2    ##.....
x - Mephitic Cloud        Conj/Pois/Air  #.......     52%         3    ###....


Dungeon Overview and Level Annotations

Branches:
Dungeon (9/15)             Temple (1/1) D:4             Orc (0/2) D:9
   Lair: D:8-11

Altars:
Ashenzari
Dithmenos
Elyvilon
Fedhas
Gozag
Kikubaaqudgha
Makhleb
Nemelex Xobeh
Okawaru
Qazlal
Ru
Sif Muna
Trog
Uskayaw
Vehumet
Xom
Yredelemnul
Zin
The Shining One

Shops:
D:5 **   D:7 [[%=[

Annotations:
D:8 jedvagenij's ghost, novice DDFi


Innate Abilities, Weirdness & Mutations

You cannot wear most types of armour.
You are very stealthy in the water.
((You are amphibious.))
You can wear up to eight rings at the same time.
((You can use your tentacles to constrict eight enemies at once.))
((Your skin changes colour to match your surroundings (Stealth+).))
((Your rubbery body absorbs attacks. (AC +1, EV +1)))


Message History

The wolf completely misses you. The wolf closely misses you.
The wolf bites you!
You take 7 damage, and have 35/61 hp.
You closely miss the wolf. The wolf completely misses you.
The wolf barely misses you.
You hit the wolf.
The wolf is poisoned.
The wolf completely misses you.
You hit the wolf but do no damage.
The wolf looks as sick as possible!
You block the wolf's attack.
You closely miss the wolf. The wolf completely misses you.
The wolf barely misses you.
You hit the wolf but do no damage.
The wolf looks as sick as possible!
You block the wolf's attack.
A hound comes into view.
You barely miss the wolf.
Your transformation is almost over.
The wolf closely misses you. The wolf bites you!
Unknown command.
You take 7 damage, and have 29/61 hp.
You hit the wolf.
The wolf looks as sick as possible!
You kill the wolf!
The hound pauses to sniff the ground.
Okay, then.
Unknown command.
MP restored: 15
There is an open door here.
Your transformation has ended.
There is a stone staircase leading up here.
You climb upwards.
Level annotation: jedvagenij's ghost, novice DDFi
There is a stone staircase leading down here.
You start resting.
You are feeling hungry.
There is a stone staircase leading down here.
You regained 4 hp, and now have 40/61 hp.
You start resting.
Health restored: 61 You climb downwards.
There is a stone staircase leading up here.
You climb upwards.
Level annotation: jedvagenij's ghost, novice DDFi
There is a stone staircase leading down here.
You climb downwards.
There is a stone staircase leading up here.
You don't know that spell.
Unknown command.
Unknown command.
You climb upwards.
Level annotation: jedvagenij's ghost, novice DDFi
There is a stone staircase leading down here.
There is a stone staircase leading down here.
You climb downwards.
There is a stone staircase leading up here.
A scorpion and an orc come into view.
You are feeling very hungry.
There are monsters nearby!
There are monsters nearby!
Unknown command. 6 orcs and an orc warrior come into view.
An orc is wielding a dagger of venom.
The orc warrior is wielding a battleaxe of chopping.
The orc shouts!
Found a staircase to the Orcish Mines.
A giant frog comes into view.
Unknown command.
There is a stone staircase leading up here.
The orc shouts!
You bludgeon the orc!
You kill the orc!
You hear a shout! x5
Things that are here:
a whip; a leather armour You tentacle-slap the orc.
You grab the orc. You constrict the orc.
You kill the orc!
You tentacle-slap the orc. You grab the orc. You squeeze the orc.
You constrict the orc, but do no damage.
You block the orc's attack.
You tentacle-slap the orc.
You kill the orc!
You turn into a venomous arachnid creature.
You now have 12/15 mp.
You hit the orc warrior.
The orc warrior is poisoned.
The orc warrior hits you with a battleaxe of chopping.
An eye of draining comes into view.
You take 7 damage, and have 54/61 hp.
The giant frog gives a loud, deep croak!
You hit the orc warrior.
The orc warrior looks even sicker.
You hit the orc warrior but do no damage.
The orc warrior hits you with a battleaxe of chopping!!
You take 27 damage, and have 27/61 hp.
MASSIVE DAMAGE!!
You hit the orc warrior.
The orc warrior looks as sick as possible!
Your transformation is almost over.
The orc warrior completely misses you.
You closely miss the orc warrior.
Unknown command.
You hit the orc warrior.
The orc warrior looks as sick as possible!
The orc warrior hits you with a battleaxe of chopping!!
You die... ...≈ .....F. ## #... ...o... #.. #... ..oooo.

..# #...
...oo.. ..#
#..≈ ....o..
..# #...
....8.. ..#
#..
##.....####..#
#..
#.?.$.GFos<..#
#..
#.....####...#
#.. ##.##
..#.# #..
##.#.# #.# ..#
# #.# ..# #h#
..# #h# #...
#.# #.#


You could see an eye of draining, an orc warrior and a giant frog.

Vanquished Creatures
  Prince Ribbit (D:7)
  A human (D:8)
  Menkaure (D:5)
  An orc warrior (D:8)
  A sky beast (D:7)
  An eye of draining (D:8)
  3 ogres
  A wolf (D:9)
  3 giant frogs
  4 howler monkeys
  2 crimson imps (D:6)
  A centaur zombie (D:7)
  A giant frog zombie (D:8)
  A jelly (D:5)
  3 orc priests
  2 hounds
  2 giant frog skeletons
  A centaur skeleton (D:7)
  An iguana (D:3)
  2 worker ants
  An orc wizard (D:7)
  A hound skeleton (D:5)
  A howler monkey zombie (D:8)
  14 adders
  8 gnolls
  A howler monkey skeleton (D:4)
  5 shadow imps
  2 worms
  2 dart slugs (D:1)
  9 giant geckos
  23 orcs
  4 ball pythons
  3 giant cockroaches
  10 goblins
  9 hobgoblins
  16 jackals
  3 quokkas
  8 bats
  A giant newt (D:4)
  7 kobolds
  A quokka skeleton (D:5)
  7 rats
169 creatures vanquished.

Vanquished Creatures (collateral kills)
  An ogre (D:5)
  2 adders
3 creatures vanquished.

Grand Total: 172 creatures vanquished

Notes
Turn   | Place    | Note
-------+----------+-------------------------------------------
     0 | D:1      | MackTheKnife the Octopode Transmuter began the quest for the Orb.
     0 | D:1      | Reached XP level 1. HP: 13/13 MP: 3/3
   193 | D:1      | Reached XP level 2. HP: 18/18 MP: 5/5
   271 | D:1      | Learned a level 2 spell: Sticks to Snakes
   384 | D:1      | Reached XP level 3. HP: 23/23 MP: 6/6
   670 | D:2      | HP: 5/23 [poisoned by an adder]
   678 | D:2      | HP: 4/23 [poisoned by an adder]
  1087 | D:2      | Reached XP level 4. HP: 28/28 MP: 7/7
  1092 | D:2      | Learned a level 3 spell: Spider Form
  1558 | D:3      | Reached skill level 3 in Transmutations
  1613 | D:3      | Found a burning altar of Makhleb.
  1615 | D:3      | Noticed a green death
  1703 | D:3      | Found a glowing drain.
  1900 | D:3      | Reached skill level 4 in Unarmed Combat
  1900 | D:3      | Reached skill level 3 in Spellcasting
  1903 | D:3      | Reached XP level 5. HP: 25/33 MP: 3/9
  1935 | Sewer    | Entered a sewer
  1935 | Sewer    | Noticed vogonpoet's ghost (amateur FoHu)
  2262 | D:3      | Reached skill level 1 in Poison Magic
  2719 | D:4      | Reached skill level 2 in Poison Magic
  2719 | D:4      | Reached XP level 6. HP: 32/38 MP: 9/11
  2856 | D:4      | HP: 6/38 [gnoll/flail (12)]
  2916 | D:4      | HP: 3/38 [orc/whip (7)]
  3367 | D:4      | Found a staircase to the Ecumenical Temple.
  3462 | D:4      | HP: 6/38 [ogre/giant spiked club (19)]
  3960 | D:5      | Entered Level 5 of the Dungeon
  4175 | D:5      | Reached skill level 2 in Fighting
  4186 | D:5      | Reached XP level 7. HP: 31/45 MP: 10/12
  4193 | D:5      | HP: 10/45 [adder (4)]
  4198 | D:5      | HP: 14/67 [poisoned by an adder]
  4206 | D:5      | HP: 14/67 [poisoned by an adder]
  4207 | D:5      | Noticed Menkaure
  4216 | D:5      | HP: 11/67 [Menkaure (5)]
  4217 | D:5      | Killed Menkaure
  4217 | D:5      | Reached skill level 3 in Dodging
  4217 | D:5      | Reached skill level 5 in Unarmed Combat
  4223 | D:5      | Reached skill level 3 in Fighting
  4552 | D:5      | Found Qoclaysi's Assorted Antiques.
  4610 | D:5      | Found Xuzo's Elemental Accessories.
  4642 | Temple   | Entered the Ecumenical Temple
  5162 | D:5      | Bought a scroll labeled JIEKKE KOODWIO for 32 gold pieces
  5162 | D:5      | Bought a scroll labeled WITIAXZ HUURHU for 32 gold pieces
  5162 | D:5      | Bought a scroll of identify for 64 gold pieces
  5162 | D:5      | Bought a scroll labeled DEBIRE XAATAIC for 32 gold pieces
  5162 | D:5      | Bought a smoky grey potion for 28 gold pieces
  5361 | D:5      | Reached XP level 8. HP: 47/52 MP: 13/13
  5782 | D:6      | Reached skill level 4 in Dodging
  5929 | D:6      | Found a radiant altar of Vehumet.
  5945 | D:6      | Reached skill level 4 in Fighting
  5985 | D:6      | HP: 13/54 [orc/flail (2)]
  6016 | D:5      | Reached skill level 6 in Unarmed Combat
  6223 | D:6      | Found a deep blue altar of Sif Muna.
  6604 | D:7      | Found Vudae's Food Shoppe.
  6606 | D:7      | Found Fyota's Antique Armour Emporium.
  6718 | D:7      | Noticed Prince Ribbit
  6737 | D:7      | Killed Prince Ribbit
  6737 | D:7      | Reached skill level 5 in Fighting
  6737 | D:7      | Reached skill level 5 in Dodging
  6926 | D:7      | Reached skill level 7 in Unarmed Combat
  6926 | D:7      | Reached XP level 9. HP: 45/61 MP: 14/14
  7114 | D:7      | Found Jiskugoh's Antique Armour Emporium.
  7272 | D:7      | Found Gupakhex's Jewellery Shop.
  7289 | D:7      | Found Jaitar's Armour Emporium.
  7463 | D:7      | Learned a level 3 spell: Mephitic Cloud
  7510 | D:8      | Noticed jedvagenij's ghost (novice DDFi)
  7578 | D:8      | Reached skill level 4 in Transmutations
  7617 | D:8      | Reached skill level 1 in Air Magic
  7989 | D:8      | Reached skill level 4 in Spellcasting
  8212 | D:8      | Found a shimmering altar of Xom.
  8408 | D:8      | Reached skill level 2 in Air Magic
  8718 | D:9      | Noticed a troll
  8945 | D:9      | Found a staircase to the Orcish Mines.
  8963 | D:9      | Slain by an orc warrior

Vault maps used:
D:1:      dpeg_arrival_renting, feat_on_display
D:3:      first_bread, gup_sewer_entry_glass, makhleb_altar_promises_db
D:5:      serial_shops, nicolae_shop_overgrown_old_shop, nicolae_elemental_shop,
          uniq_menkaure
D:6:      vehumet_altar_wand_db, led_sif_pool
D:7:      serial_shops, shop, shop, nicolae_shop_statue_plus, shop, shop,
          hangedman_decor_clover_reticule, uniq_prince_ribbit1
D:8:      basic_altar, grunt_pizzeria
D:9:      amethyst_overflow_temple_binary, erik_lair_island, david_orc_2,
          serial_shops, shop, nicolae_shop_temple_entry_statues_fountains, shop
Temple:   hc_temple_tempest_star
Sewer:    sewer_co_purgy_island

Skill      XL: |  1  2  3  4  5  6  7  8  9 |
---------------+----------------------------+-----
Transmutations | 3 4 |  4.8
Unarmed Combat | 4 5 7 |  7.1
Spellcasting   | 3 4 |  4.3
Poison Magic   | 2 |  2.5
Fighting       | 2 3 5 |  5.6
Dodging        | 3 5 |  5.6
Air Magic      | 2 |  2.5

Action                   |  1- 3 |  4- 6 |  7- 9 || total
-------------------------+-------+-------+-------++-------
Melee: Unarmed           |    54 |   200 |   295 ||   549
       Constrict         |    12 |    38 |    42 ||    92
       Punch             |     3 |     1 |     9 ||    13
       Tentacles         |     7 |    22 |    24 ||    53
       Kick              |     2 |     3 |       ||     5
 Cast: Beastly Appendage |     2 |     1 |       ||     3
       Sticks to Snakes  |     6 |     8 |     3 ||    17
       Spider Form       |       |     5 |    10 ||    15
  Use: Scroll            |       |     2 |    17 ||    19
       Potion            |       |       |     4 ||     4
 Stab: Sleeping          |     4 |     4 |     9 ||    17
       Distracted        |     1 |       |     3 ||     4
  Eat: Chunk             |     1 |     9 |     8 ||    18
       Beef jerky        |       |     1 |     2 ||     3
       Bread ration      |       |       |     1 ||     1
Armor: Skin              |     1 |    11 |    14 ||    26
Dodge: Dodged            |    33 |   154 |   142 ||   329
Block: Other             |       |     3 |    40 ||    43
       Reflection        |       |       |     1 ||     1

Vault maps used:
D:1:      dpeg_arrival_renting, feat_on_display
D:3:      first_bread, gup_sewer_entry_glass, makhleb_altar_promises_db
D:5:      serial_shops, nicolae_shop_overgrown_old_shop, nicolae_elemental_shop,
          uniq_menkaure
D:6:      vehumet_altar_wand_db, led_sif_pool
D:7:      serial_shops, shop, shop, nicolae_shop_statue_plus, shop, shop,
          hangedman_decor_clover_reticule, uniq_prince_ribbit1
D:8:      basic_altar, grunt_pizzeria
D:9:      amethyst_overflow_temple_binary, erik_lair_island, david_orc_2,
          serial_shops, shop, nicolae_shop_temple_entry_statues_fountains, shop
Temple:   hc_temple_tempest_star
Sewer:    sewer_co_purgy_island

Table legend:
 A = Turns spent in this place as a percentage of turns spent in the entire game.
 B = Non-inter-level travel turns spent in this place as a percentage of non-inter-level travel turns spent in the entire game.
 C = Inter-level travel turns spent in this place as a percentage of turns spent in this place.
 D = Turns resting spent in this place as a percentage of non-inter-level travel turns spent in this place.
 E = Turns spent auto-exploring this place as a percentage of non-inter-level travel turns spent in this place.
 F = Non-inter-level travel turns spent in this place divided by the number of levels of this place that you've seen.
                   A       B       C       D       E      F
               +-------+-------+-------+-------+-------+----------------------
         Total | 100.0 | 100.0 |   0.9 |   3.2 |   8.5 | 237.5
       Dungeon |  97.7 |  97.7 |   0.9 |   3.3 |   8.1 | 283.7
        Temple |   1.8 |   1.8 |   2.1 |   0.0 |  32.6 |  46.0
         Sewer |   0.5 |   0.5 |   0.0 |   0.0 |   0.0 |  14.0
               +-------+-------+-------+-------+-------+----------------------

Table legend:
 A = Kills in this place as a percentage of kills in entire the game.
 B = Kills by you in this place as a percentage of kills by you in the entire game.
 C = Kills by friends in this place as a percentage of kills by friends in the entire game.
 D = Other kills in this place as a percentage of other kills in the entire game.
 E = Experience gained in this place as a percentage of experience gained in the entire game.
 F = Experience gained in this place divided by the number of levels of this place that you have seen.
                   A       B       C       D       E      F
               +-------+-------+-------+-------+-------+----------------------
         Total | 100.0 | 100.0 | 100.0 |  -nan | 100.0 | 313.4
       Dungeon | 100.0 | 100.0 | 100.0 |  -nan | 100.0 | 383.0
               +-------+-------+-------+-------+-------+----------------------
